 Dungeon Crawl Stone Soup version 0.31-a0-986-g5e6e4ef867 (webtiles) character file.

Game seed: 12450806688016571597

534742 mandarbmax the Ruinous (level 25, -10/180 HPs)
             Began as a Tengu Conjurer on Nov 6, 2023.
             Was a High Priest of Sif Muna.
             Killed by divine providence
             ... invoked by a living spell
             ... summoned by a walking divine tome
              (13 damage)
             ... on level 3 of the Depths on Nov 7, 2023.
             The game lasted 05:06:22 (84189 turns).

mandarbmax the Ruinous (Tengu Conjurer)            Turns: 84189, Time: 05:06:28

Health: -10/180    AC: 22    Str:  8    XL:     25   Next: 77%
Magic:  5/43       EV: 38    Int: 36    God:    Sif Muna [*****.]
Gold:   4154       SH: 23    Dex: 20    Spells: 6/54 levels left

rFire   + + .        Z - staff of air
rCold   . . .        b - +2 kite shield
rNeg    . . .        a - +5 ring mail of Weyshry {+Blink Will+}
rPois   .            G - +2 hat {Will+}
rElec   +            P - +2 cloak {Will+}
rCorr   .            n - +2 pair of gloves
SInv    +            (boots unavailable)
Will    ++++.        k - amulet of the Augurer {Reflect Dex+3 SH+5}
Stlth   +++          e - ring of Kaumaume {rF+ Dex+6 SInv}
HPRegen 0.50/turn    y - ring of the Octopus King {HP+2 AC+2 EV+2 SH+2 SInv}
MPRegen 0.28/turn

%: reflection, acrobat, clarity
@: acrobatic, flying, studying 3 skills
A: beak, talons 3, evasive flight, acrobatic, clarity, clever 2, fire resistance
1, robust 1
}: 3/15 runes: decaying, silver, gossamer
a: Renounce Religion, Evoke Blink, Channel Magic, Forget Spell, Divine Exegesis


You were on level 3 of the Depths.
You worshipped Sif Muna.
Sif Muna was extremely pleased with you.
You visited 8 branches of the dungeon, and saw 41 of its levels.
You also visited: Trove, Sewer, Ossuary and Wizlab.

You collected 6993 gold pieces.
You spent 2839 gold pieces at shops.

Inventory:

Missiles
 s - 4 throwing nets
Armour
 a - the +5 ring mail of Weyshry (worn) {+Blink Will+}
   (You bought it in a shop on level 9 of the Dungeon)

   Will+:     It increases your willpower.
   +Blink:    It lets you blink.
 b - a +2 kite shield (worn)
 n - a +2 pair of gloves (worn)
 G - a +2 hat of willpower (worn)
 P - a +2 cloak of willpower (worn)
 Q - the +5 tower shield "Aritekhu" {rElec}
   (You found it on level 5 of the Vaults)

   rElec:     It insulates you from electricity.
Magical Staves
 Z - a staff of air (weapon)
Jewellery
 e - the ring of Kaumaume (left hand) {rF+ Dex+6 SInv}
   (You found it on level 1 of the Orcish Mines)

   [ring of dexterity]

   Dex+6:     It affects your dexterity (+6).
   rF+:       It protects you from fire.
   SInv:      It lets you see invisible.
 g - the ring of Pawnudiw {rElec rC+ Str+4}
   (You found it on level 2 of the Depths)

   [ring of protection from cold]

   Str+4:     It affects your strength (+4).
   rC+:       It protects you from cold.
   rElec:     It insulates you from electricity.
 h - a ring of positive energy
 k - the amulet of the Augurer (around neck) {Reflect Dex+3 SH+5}
   (You took it off a centaur warrior on level 15 of the Dungeon)

   [amulet of reflection]

   Reflect:   It reflects blocked missile attacks.
   Dex+3:     It affects your dexterity (+3).
   SH+5:      It affects your SH (+5).
 l - a +4 ring of protection
 y - a ring of the Octopus King (right hand) {HP+2 AC+2 EV+2 SH+2 SInv}
   (You took it off a spriggan druid on level 3 of the Swamp)

   [ring of see invisible]

   AC+2:      It affects your AC (+2).
   EV+2:      It affects your evasion (+2).
   HP+2:      It affects your health (+2).
   SInv:      It lets you see invisible.
   SH+2:      It affects your SH (+2).
 F - the ring "Boluod" {Will+ rCorr}
   (You found it on level 5 of the Vaults)

   [ring of willpower]

   Will+:     It increases your willpower.
   rCorr:     It protects you from acid and corrosion.
Wands
 i - a wand of digging (8)
 z - a wand of polymorph (5)
 I - a wand of light (57)
 K - a wand of iceblast (66)
 L - a wand of mindburst (59)
 R - a wand of paralysis (44)
Scrolls
 f - 2 scrolls of immolation
 j - 8 scrolls of teleportation
 o - a scroll of brand weapon
 p - 4 scrolls of amnesia
 w - 3 scrolls of butterflies
 C - 16 scrolls of fog
 D - 9 scrolls of blinking
 H - 7 scrolls of torment
 J - 10 scrolls of poison
 M - 4 scrolls of revelation
 N - 10 scrolls of fear
 W - 7 scrolls of enchant armour
 Y - 3 scrolls of vulnerability
Potions
 c - 3 potions of invisibility
 m - 8 potions of might
 q - 19 potions of curing
 r - 6 potions of mutation
 t - 5 potions of resistance
 u - 15 potions of heal wounds
 v - 5 potions of cancellation
 x - 8 potions of enlightenment
 A - 15 potions of brilliance
 O - 3 potions of magic
 S - 8 potions of haste
 T - 2 potions of berserk rage
 U - 3 potions of ambrosia
 X - 5 potions of attraction
Miscellaneous
 d - a lightning rod (1/4)
 B - a condenser vane
 E - a sack of spiders
 V - a phantom mirror (inert)


   Skills:
 + Level 17.8 Fighting
 - Level 12.0 Staves
 - Level 8.0 Armour
 - Level 16.0 Dodging
 - Level 6.0 Stealth
 + Level 14.2 Shields
 - Level 15.0 Spellcasting
 + Level 21.8 Conjurations
 - Level 10.0 Summonings
 - Level 3.0 Transmutations
 - Level 7.1 Fire Magic
 + Level 21.7 Air Magic
 - Level 10.0 Invocations
 - Level 12.0 Evocations


You had 6 spell levels left.
You knew the following spells:

 Your Spells              Type           Power      Damage    Failure   Level
a - Orb of Destruction    Conj           55%        9d14      1%          7
b - Swiftness             Air            100%       N/A       0%          3
c - Maxwell's Capacitive  Air            67%        ∞         8%          8
d - Spellforged Servitor  Conj/Summ      48%        N/A       12%         7
e - Arcjolt               Conj/Air       67%        1d77      1%          5
g - Conjure Ball Lightni  Conj/Air       67%        3x3d25    1%          6
h - Irradiate             Conj/Tmut      43%        3d26      1%          5
j - Freezing Cloud        Conj/Ice/Air   57%        6-21      1%          5
l - Cigotuvi's Dreadful   Necr/Pois/Air  100%       N/A       1%          2

Your spell library contained the following spells:

 Spells                   Type           Power      Damage    Failure   Level
 Magic Dart               Conj           100%       1d8       0%          1
 Shock                    Conj/Air       100%       1d9       0%          1
 Searing Ray              Conj           100%       2d8       0%          2
 Static Discharge         Conj/Air       100%       3-8/arc   0%          2
 Airstrike                Air            67%        2d(10-26) 0%          4
 Foxfire                  Conj/Fire      100%       2x1d9     1%          1
 Kiss of Death            Conj/Necr      100%       2d13      1%          1
 Summon Small Mammal      Summ           100%       N/A       1%          1
 Call Imp                 Summ           100%       N/A       1%          2
 Momentum Strike          Conj/Tloc      100%       3d10      1%          2
 Poisonous Vapours        Pois/Air       100%       N/A       1%          2
 Scorch                   Fire           100%       2d9       1%          2
 Call Canine Familiar     Summ           78%        N/A       1%          3
 Dazzling Flash           Conj/Hex       100%       N/A       1%          3
 Hailstorm                Conj/Ice       81%        3d16      1%          3
 Mephitic Cloud           Conj/Pois/Air  100%       N/A       1%          3
 Stone Arrow              Conj/Erth      100%       3d13      1%          3
 Brom's Barrelling Bould  Conj/Erth      81%        2d9       1%          4
 Flame Wave               Conj/Fire      92%        2d19      1%          4
 Fulminant Prism          Conj/Hex       40%        3d19      1%          4
 Iskenderun's Mystic Bla  Conj/Tloc      81%        2d16      1%          4
 Sticky Flame             Conj/Fire      92%        2d10      1%          4
 Summon Lightning Spire   Summ/Air       100%       N/A       1%          4
 Vhi's Electric Charge    Tloc/Air       100%       N/A       1%          4
 Fireball                 Conj/Fire      46%        3d18      1%          5
 Iskenderun's Battlesphe  Conj           100%       2d15      1%          5
 Summon Guardian Golem    Hex/Summ       58%        N/A       3%          3
 Silence                  Hex/Air        51%        N/A       3%          5
 Plasma Beam              Fire/Air       57%        2x1d73    3%          6
 Starburst                Conj/Fire      46%        6d13      3%          6
 Sting                    Tmut/Pois      100%       1d8       4%          1
 Wereblood                Tmut           48%        N/A       4%          2
 Inner Flame              Hex/Fire       51%        N/A       6%          3
 Volatile Blastmotes      Fire/Tloc      100%       2d18      6%          3
 Ignite Poison            Fire/Tmut/Pois 50%        N/A       7%          3
 Passwall                 Tmut/Erth      30%        N/A       8%          2
 Apportation              Tloc           54%        N/A       9%          1
 Necrotise                Necr           100%       1d9       9%          1
 Sandblast                Erth           54%        2d13      9%          1
 Slow                     Hex            100%       N/A       9%          1
 Animate Armour           Summ/Erth      100%       N/A       12%         4
 Summon Ice Beast         Ice/Summ       58%        N/A       12%         4
 Blink                    Tloc           54%        N/A       14%         2
 Ensorcelled Hibernation  Hex/Ice        54%        N/A       14%         2
 Lesser Beckoning         Tloc           54%        N/A       14%         2
 Sublimation of Blood     Necr           27%        N/A       14%         2
 Bombard                  Conj/Erth      40%        9d7       16%         6
 Summon Cactus Giant      Summ           39%        N/A       22%         6
 Confusing Touch          Hex            27%        N/A       26%         3
 Frozen Ramparts          Ice            54%        1d9       26%         3
 Gell's Gravitas          Tloc           27%        N/A       26%         3
 Ozocubu's Armour         Ice            27%        N/A       26%         3
 Sigil of Binding         Hex            27%        N/A       26%         3
 Teleport Other           Tloc           27%        N/A       26%         3
 Tukima's Dance           Hex            27%        N/A       26%         3
 Vampiric Draining        Necr           27%        2d7       26%         3
 Summon Forest            Summ/Tloc      29%        N/A       32%         5
 Summon Mana Viper        Hex/Summ       58%        N/A       32%         5
 Petrify                  Tmut/Erth      37%        N/A       43%         4
 Anguish                  Hex/Necr       13%        N/A       65%         4
 Animate Dead             Necr           27%        N/A       65%         4
 Cause Fear               Hex            13%        N/A       65%         4
 Dimensional Bullseye     Hex/Tloc       13%        N/A       65%         4
 Dispel Undead            Necr           27%        3d13      65%         4
 Leda's Liquefaction      Hex/Erth       13%        N/A       65%         4
 Manifold Assault         Tloc           27%        N/A       65%         4
 Olgreb's Toxic Radiance  Pois           27%        N/A       65%         4
 Passage of Golubria      Tloc           27%        N/A       65%         4
 Alistair's Intoxication  Tmut/Pois      24%        N/A       80%         5
 Yara's Violent Unravell  Hex/Tmut       18%        3d9       80%         5
 Agony                    Necr           27%        N/A       94%         5
 Lee's Rapid Deconstruct  Erth           13%        3d9*      94%         5
 Metabolic Englaciation   Hex/Ice        13%        N/A       94%         5
 Death Channel            Necr           13%        N/A       100%        6
 Dispersal                Tloc           13%        N/A       100%        6
 Eringya's Noxious Bog    Tmut/Pois      18%        4d6       100%        6
 Simulacrum               Ice/Necr       13%        N/A       100%        6
 Monstrous Menagerie      Summ           39%        N/A       77%         7
 Summon Hydra             Summ           39%        N/A       77%         7
 Chain Lightning          Conj/Air       67%        3d90      77%         9
 Enfeeble                 Hex            13%        N/A       100%        7
 Haunt                    Necr/Summ      29%        N/A       100%        7
 Malign Gateway           Summ/Tloc      29%        N/A       100%        7
 Ozocubu's Refrigeration  Ice            13%        4d10      100%        7
 Borgnjor's Revivificati  Necr           13%        N/A       100%        8
 Discord                  Hex            13%        N/A       100%        8
 Disjunction              Tloc           13%        N/A       100%        8
 Ignition                 Fire           34%        3d10      100%        8
 Infestation              Necr           13%        N/A       100%        8
 Lehudib's Crystal Spear  Conj/Erth      40%        10d10     100%        8
 Summon Horrible Things   Summ           39%        N/A       100%        8
 Death's Door             Necr           13%        N/A       100%        9
 Dragon's Call            Summ           39%        N/A       100%        9
 Fire Storm               Conj/Fire      46%        8d12      100%        9
 Shatter                  Erth           13%        3d14*     100%        9


Dungeon Overview and Level Annotations

Branches:
Dungeon (15/15)            Temple (0/1) D:6            Lair (5/5) D:11
  Swamp (4/4) Lair:3       Spider (4/4) Lair:2        Slime (0/5) Lair:4
    Orc (2/2) D:12            Elf (3/3) Orc:2        Vaults (5/5) D:14
  Crypt (0/3) Vaults:3     Depths (3/4) D:15          Sewer (visited)
Ossuary (visited)          WizLab (visited)

Altars:
Hepliaklqana
Ru
Sif Muna
Yredelemnul
Jiyva
Lugonu

Shops:
D:2 *   D:4 :   D:6 (   D:9 !(=[[   Orc:2 ![!(   Elf:2 !(   Vaults:1 [
Depths:3 :=:

Portals:
Hell: Depths:1 Depths:2
Abyss: Depths:1 Depths:3
Pandemonium: Depths:2

Annotations:
Spider:2 1 runed translucent door, Nicitzuff's ghost, journeyman TeSu
Elf:2 3 runed translucent doors


Innate Abilities, Weirdness & Mutations

You have a beak for a mouth.
You have claws for feet.
Your magical flight helps you evade attacks. (EV +4)
You can magically evade attacks while moving or waiting.
You possess an exceptional clarity of mind.
Your mind is very acute. (Int +8, Str/Dex -2)
Your flesh is heat resistant. (rF+)
You are robust. (+10% HP)


Message History

Okay, then.
Casting: Maxwell's Capacitive Coupling (dangerous; 8% risk of failure)
Confirm with . or Enter, or press ? or * to list all spells.
You summon a servant imbued with your destructive magic!
The living spell casts itself at you. Something smites you!
* * * LOW HITPOINT WARNING * * *
The living spell casts itself at you. Something smites you!
* * * LOW HITPOINT WARNING * * *
The living spell casts itself at you. Something smites you!
* * * LOW HITPOINT WARNING * * *
Unknown command.
Okay, then.
Blink to where?
Press: ? - help, Dir - move target
As you read the scroll of blinking, it crumbles to dust.
Your spellforged servitor conjures an orb of pure magic.
As you read the scroll of butterflies, it crumbles to dust.
You hear the flapping of tiny wings.
The wavering orb of destruction hits the walking divine tome!!
Casting: Spellforged Servitor (dangerous; 12% risk of failure)
Confirm with . or Enter, or press ? or * to list all spells.
You feel a surge of power!
You begin accumulating electric charge. (Press . to continue charging.)
You feel charge building up...
Your spellforged servitor conjures a glowing orb.
Unknown command.
You feel charge building up...
The walking divine tome erupts in a flurry of living spells!
The wavering orb of destruction hits the walking divine tome!!!
You feel charge building up...
Your spellforged servitor conjures an orb of pure magic.
The living spell casts itself at you. Something smites you!
* * * LOW HITPOINT WARNING * * *
The living spell casts itself at you. Something smites you!
You die...

#..........)...#
#.........9....#
.#....bbb..*;...#
.'...bbbb.b..*..#
#..bbbbb..*.b..#
#.b..bbbbbbb...#
#.b..bbbbb.....#
#...bbbb.#####.#
#...b.@bb#♣♣♣♣∩♣♣♣♣
##'###b###♣.......♣
####.###.#
♣...⌠..P♣ ...
..##.# ♣.∩...∩.♣
#.# #.##(#
♣♣..∩..♣♣ #.#
#.##.####♣♣P.P♣♣
#.# #.##.##.# ♣♣♣♣♣
#.###.##.##.# #
#........[#.####


You could see a walking divine tome (distracted, ally target), 2 living smiting
commandments and a friendly spellforged servitor (summoned).

Vanquished Creatures
  A dread lich (Vaults:5)
  3 ancient liches
  Mennas (Depths:3)
  Frederick (Vaults:5)
  Bai Suzhen (Depths:2)
  Margery (Vaults:5)
  Jory (Vaults:5)
  3 golden dragons
  Jorgrun (D:15)
  2 tentacled monstrosities
  3 liches
  4 deep elf master archers
  2 deep elf blademasters (Elf:3)
  2 titans (Vaults:5)
  A quicksilver dragon (Vaults:5)
  4 sphinxes
  An eldritch tentacle (Depths:1)
  2 tentacled starspawn (Depths:2)
  3 thorn hunters
  2 tengu reavers (Vaults:5)
  4 shadow dragons (Vaults:5)
  The ghost of Baxzics the Sorcerer, an adept DECj of Vehumet (Spider:4)
  Aizul (Swamp:3)
  The ghost of Otyfaod the Tortoise, an adept GrFi of Trog (D:15)
  6 fire giants
  The ghost of Mufimu the Warrior, a journeyman DrVM of Vehumet (Swamp:3)
  5 frost giants
  5 fenstrider witches
  The ghost of Carotun the Warrior, a journeyman FoFi of Okawaru (D:15)
  3 emperor scorpions
  17 vault wardens
  5 deep elf sorcerers
  2 iron dragons
  4 deep elf elementalists (Elf:3)
  4 spectral caustic shrikes (Depths:2)
  A ghost moth (Spider:4)
  9 orc warlords
  A broodmother (Spider:4)
  13 ironbound preservers
  4 formless jellyfish
  2 war gargoyles
  3 ghouls (Swamp:1)
  A spriggan defender (Depths:3)
  3 vampire knights
  3 ironbound thunderhulks
  9 stone giants
  19 very ugly things
  14 deep elf demonologists
  8 eleionomae
  6 deep elf annihilators
  3 bunyips
  11 dire elephants
  8 spark wasps
  2 blizzard demons (Depths:2)
  An eidolon (Depths:1)
  5 deep elf death magi
  6 ettins
  A jiangshi (Vaults:3)
  4 entropy weavers
  7 fire dragons
  5 shambling mangroves
  A deep elf high priest (Elf:3)
  2 great orbs of eyes
  11 yaktaur captains
  32 vault guards
  6 ice dragons
  A sphinx zombie (Depths:3)
  The ghost of Sundig the Fighter, a journeyman DgFi (Orc:1)
  A peacekeeper (Vaults:4)
  A spriggan air mage (Depths:3)
  19 centaur warriors
  9 ironbound frosthearts
  2 salamander tyrants (Depths:3)
  5 ghost crabs
  18 hydras
  A jorogumo (Spider:3)
  4 catoblepae
  3 radroaches (Spider:4)
  9 alligators
  5 boulder beetles
  6 ogre magi
  2 satyrs (WizLab)
  5 tengu warriors
  17 two-headed ogres
  21 dancing weapons
  6 deep troll shamans
  A death knight (D:15)
  7 deep troll earth magi
  A spriggan berserker (Depths:2)
  8 death yaks
  6 demonic crawlers
  Urug (D:12)
  2 vampire magi (Depths:1)
  4 orc high priests (Orc:2)
  2 occultists
  A naga sharpshooter (WizLab)
  4 nameless horrors
  3 thrashing horrors (Depths:2)
  16 deep elf knights
  Sonja (D:12)
  12 hell knights
  A skyshark (Lair:3)
  A shock serpent (shapeshifter) (Depths:2)
  2 wretched stars (Depths:2)
  15 spriggans
  Nergalle (D:11)
  7 goliath frogs
  2 sixfirhies (Depths:2)
  A shadow wraith (D:15)
  3 iron trolls
  A salamander mystic (Depths:2)
  5 pharaoh ants
  32 deep trolls
  10 spriggan druids
  A sun moth (Spider:4)
  5 orb spiders
  A spectral anaconda (Lair:5)
  10 swamp dragons
  A flayed ghost (Vaults:4)
  3 glowing orange brains
  10 steelbarb worms
  12 bog bodies
  22 ironbound convokers
  5 harpies (Vaults:2)
  7 lindwurms
  13 orc knights
  The ghost of Gormless the Ruffian, a novice DrWn (D:7)
  10 necromancers
  21 deep elf zephyrmancers
  An obsidian statue (Lair:5)
  7 arcanists
  20 deep elf archers
  2 wolf spiders (shapeshifter)
  6 oklob plants
  25 deep elf pyromancers
  5 phantasmal warriors
  37 ugly things
  A shadow dragon skeleton (Vaults:3)
  16 wolf spiders
  10 manticores
  3 fauns (WizLab)
  4 salamanders (Depths:2)
  7 orc sorcerers
  6 cyclopes
  A faun (shapeshifter) (D:14)
  A tengu skeleton (Depths:3)
  4 will-o-the-wisps
  A moth of wrath (shapeshifter) (Vaults:5)
  2 worldbinders (Depths:1)
  Maurice (D:12)
  2 moths of wrath
  17 elephants
  14 vault sentinels
  2 large abominations (Depths:2)
  3 naga magi (Depths:1)
  An apocalypse crab (Depths:2)
  A molten gargoyle (Depths:1)
  16 cane toads
  4 black mambas
  3 gargoyles
  The ghost of Zonian the Magician, a novice DECj of Vehumet (D:7)
  8 spectral spriggans (Swamp:1)
  5 torpor snails
  2 dire elephant skeletons (Lair:5)
  A cane toad (shapeshifter) (D:14)
  5 orange demons (D:15)
  3 unseen horrors
  2 kobold demonologists
  A rime drake (Lair:2)
  5 freezing wraiths
  45 yaktaurs
  An efreet (D:14)
  8 komodo dragons
  7 tengu conjurers
  9 bloated husks
  15 meliai
  11 tyrant leeches
  2 hornets (shapeshifter)
  5 trolls
  Prince Ribbit (D:9)
  A polar bear (shapeshifter) (Depths:3)
  18 tarantellas
  A raiju (shapeshifter) (D:15)
  23 hornets
  28 blink frogs
  A spectral elephant (Lair:5)
  17 slime creatures
  A snapping turtle (shapeshifter) (Vaults:5)
  3 air elementals
  15 jumping spiders
  6 water elementals
  5 wyverns
  9 culicivoras
  A vampire (D:9)
  4 fire elementals
  5 wraiths
  Eustachio (D:4)
  A yak (shapeshifter) (Depths:2)
  A steam dragon (Lair:2)
  56 yaks
  6 neqoxecs (Orc:1)
  2 death yak simulacra (Lair:5)
  2 golden eyes (Depths:1)
  36 redbacks
  7 basilisks
  7 wargs
  2 spectral cane toads (Lair:5)
  17 swamp worms
  5 acid dragons
  2 spatial vortices (Depths:1)
  12 water moccasins
  A swamp drake (shapeshifter) (Depths:1)
  6 swamp drakes
  2 black bears
  47 orc warriors
  2 elephant zombies (Lair:5)
  An ice beast (D:6)
  A sky beast (D:8)
  17 ogres
  29 wolves
  An ogre (shapeshifter) (Depths:1)
  15 centaurs
  2 boggarts (Depths:1)
  A human zombie (Vaults:3)
  10 bullfrogs
  2 kobold brigands
  A gnoll sergeant (D:9)
  4 earth elementals
  9 scorpions
  3 cane toad simulacra (Lair:5)
  A water moccasin zombie (D:7)
  12 wights
  15 killer bees
  An elephant simulacrum (Lair:5)
  5 howler monkeys
  9 electric eels
  A lava snake (Depths:1)
  2 quasits (Orc:1)
  A bullfrog zombie (D:7)
  A hound (D:6)
  35 orc priests
  A sleepcap (D:7)
  2 iguanas
  19 orc wizards
  Natasha (thrice) (D:4)
  A hell rat (Sewer)
  A boggart simulacrum (D:14)
  4 mummies
  24 gnolls
  9 adders
  2 river rats (Sewer)
  A shadow imp (D:6)
  5 white imps
  2 ufetubi (D:6)
  An adder skeleton (D:2)
  2 worms (D:3)
  2 dart slugs
  108 orcs
  7 endoplasms
  6 giant cockroaches
  A gnoll zombie (Ossuary)
  6 goblins
  8 hobgoblins
  4 jackals (D:1)
  4 quokkas
  9 ball pythons
  8 bats
  5 frilled lizards
  2 goblin zombies
  5 hobgoblin zombies
  A jackal skeleton (D:2)
  4 kobolds
  5 kobold zombies (Ossuary)
  An orc zombie (Ossuary)
  A quokka skeleton (D:2)
  A quokka zombie (D:2)
  20 rats
  A ball lightning (Elf:2)
  2 starspawn tentacles (Depths:2)
1888 creatures vanquished.

Vanquished Creatures (collateral kills)
  A quicksilver dragon (Vaults:5)
  A sphinx (Vaults:3)
  A fire giant (Depths:3)
  A vault warden (Vaults:5)
  2 stone giants
  A ghoul (Vaults:3)
  4 very ugly things
  4 spark wasps
  A deep elf annihilator (Vaults:5)
  An ettin (Vaults:5)
  A fire dragon (Depths:3)
  2 yaktaur captains (Vaults:5)
  A deep elf high priest (Vaults:5)
  A great orb of eyes (Vaults:4)
  A salamander tyrant (Depths:3)
  A spriggan air mage (Depths:2)
  2 vault guards (Vaults:4)
  2 ice dragons
  An ironbound frostheart (Vaults:3)
  2 dancing weapons (Elf:1)
  A boulder beetle (Vaults:3)
  A centaur warrior (Vaults:4)
  A vampire mage (Depths:2)
  2 deep troll earth magi
  2 orc high priests (Vaults:3)
  2 iron trolls
  An obsidian statue (D:11)
  2 deep trolls
  An orc knight (Vaults:3)
  A necromancer (Vaults:3)
  2 arcanists
  2 ironbound convokers
  A deep elf zephyrmancer (Depths:1)
  2 ugly things
  A salamander (Depths:2)
  A vault sentinel (Vaults:5)
  A molten gargoyle (Depths:1)
  2 naga magi (Depths:1)
  A yaktaur (Vaults:4)
  A tengu conjurer (Depths:1)
  2 slime creatures
  A nameless horror (Vaults:4)
  2 fire elementals (Depths:1)
  A human skeleton (Vaults:3)
  A lava snake (Depths:1)
  19 ball lightnings
85 creatures vanquished.

Vanquished Creatures (others)
  A sphinx (Depths:1)
  2 centaur warriors
  A ghost crab (Swamp:3)
  2 deep elf knights (Elf:1)
  A fire crab (Depths:1)
  2 deep elf zephyrmancers
  4 bloated husks (Swamp:2)
  A hornet (Swamp:4)
  A tyrant leech (Swamp:4)
  3 spriggans
  An orc (D:9)
  482 ball lightnings
  2 foxfires (Swamp:2)
  63 fulminant prisms
566 creatures vanquished.

Grand Total: 2539 creatures vanquished

Notes
Turn   | Place    | Note
-------+----------+-------------------------------------------
     0 | D:1      | mandarbmax the Tengu Conjurer began the quest for the Orb.
     0 | D:1      | Reached XP level 1. HP: 10/10 MP: 4/4
   223 | D:1      | Reached XP level 2. HP: 11/15 MP: 0/6
   557 | D:1      | Learned a level 2 spell: Searing Ray
   631 | D:1      | Reached XP level 3. HP: 19/19 MP: 3/7
  1167 | D:2      | Reached XP level 4. HP: 24/24 MP: 3/8
  1586 | D:2      | Found a faded altar of an unknown god.
  1630 | D:2      | Found Qaud's Assorted Antiques.
  1923 | D:3      | Identified the +0 leather armour of Veutzykuem {rElec rC+
                  | Slay+3 Stlth+}
  2223 | D:3      | Reached XP level 5. HP: 28/28 MP: 2/9
  2534 | D:3      | Identified the +0 robe of the Hidden Vale {+Blink rElec}
  2758 | D:3      | Found a shimmering blue altar of Sif Muna.
  2771 | D:3      | Became a worshipper of Sif Muna the Loreminder
  2971 | D:4      | Found Lehoeh's Book Shoppe.
  3018 | D:4      | Found a sand-covered staircase.
  3061 | Ossuary  | Entered an ossuary
  3061 | Ossuary  | Noticed a wraith
  3061 | Ossuary  | Noticed a wraith
  3061 | Ossuary  | Noticed a wraith
  3129 | Ossuary  | Reached XP level 6. HP: 32/32 MP: 8/11
  3730 | Ossuary  | Noticed a wraith
  3738 | Ossuary  | Killed a wraith
  3935 | D:4      | Noticed Eustachio
  3941 | D:4      | Learned a level 3 spell: Dazzling Flash
  3954 | D:4      | Killed Eustachio
  3955 | D:4      | Reached skill level 10 in Conjurations
  3955 | D:4      | Gained mutation: Your magical flight helps you evade
                  | attacks. (EV +4) [Tengu growth]
  3955 | D:4      | Reached XP level 7. HP: 30/36 MP: 9/14
  4120 | D:4      | Noticed Natasha
  4123 | D:4      | Killed Natasha
  4123 | D:4      | Reached * piety under Sif Muna
  4704 | D:4      | Noticed Natasha
  4709 | D:4      | Killed Natasha
  4860 | D:4      | Noticed Natasha
  4866 | D:4      | Learned a level 4 spell: Iskenderun's Mystic Blast
  4870 | D:4      | Killed Natasha
  4871 | D:4      | Reached XP level 8. HP: 31/41 MP: 9/16
  5182 | D:4      | Reached skill level 1 in Invocations
  5291 | D:5      | Entered Level 5 of the Dungeon
  5294 | D:5      | Reached ** piety under Sif Muna
  5427 | D:5      | Reached skill level 5 in Spellcasting
  6126 | D:6      | Found Liroteoh's Weapon Shop.
  6145 | D:6      | Found a staircase to the Ecumenical Temple.
  6582 | D:6      | Found a glowing drain.
  6604 | Sewer    | Entered a sewer
  6715 | Sewer    | Reached *** piety under Sif Muna
  6939 | D:6      | Reached XP level 9. HP: 45/45 MP: 1/19
  7132 | D:6      | Reached skill level 5 in Invocations
  8408 | D:2      | Bought a scroll labelled FAADUALESM for 21 gold pieces
  8408 | D:2      | Bought a scroll labelled WERRAPSAZXE for 21 gold pieces
  8748 | D:7      | Found a runed translucent gate.
  8749 | D:7      | Found a runed translucent gate.
  8750 | D:7      | Found a runed translucent gate.
  8753 | D:7      | Noticed Gormless's ghost (novice DrWn)
  8890 | D:7      | Found a runed translucent gate.
  8890 | D:7      | Found a runed translucent gate.
  8890 | D:7      | Found a runed translucent gate.
  8890 | D:7      | Noticed Zonian's ghost (novice DECj)
  8892 | D:7      | Found a basalt altar of Yredelemnul.
  9201 | D:8      | Reached skill level 1 in Fighting
  9201 | D:8      | Reached skill level 1 in Evocations
  9674 | D:8      | Reached XP level 10. HP: 46/56 MP: 3/21
 10067 | D:8      | Identified 2 scrolls of acquirement
 10067 | D:8      | Identified the "Woajioh" (You acquired it on level 8 of
                  | the Dungeon)
 10067 | D:8      | Acquired 854 gold pieces
 10069 | D:8      | Acquired the +4 buckler of Igag Xaif {rF+ Int+3}
 10151 | D:4      | Bought a book of Death for 440 gold pieces
 10276 | D:9      | Found Oqiph's Antique Armour Shop.
 10279 | D:9      | Bought a glowing cloak for 187 gold pieces
 10347 | D:9      | Noticed a two-headed ogre
 10359 | D:9      | Killed a two-headed ogre
 10360 | D:9      | Reached skill level 1 in Shields
 10455 | D:9      | Noticed a deep elf pyromancer
 10467 | D:9      | Killed a deep elf pyromancer
 10468 | D:9      | Reached skill level 5 in Dodging
 10500 | D:9      | Reached **** piety under Sif Muna
 10609 | D:9      | Noticed a tengu warrior
 10614 | D:9      | Killed a tengu warrior
 10615 | D:9      | Reached skill level 5 in Evocations
 10880 | D:9      | Found Poahuv's Weapon Boutique.
 10936 | D:9      | Found Vautwol's Distillery.
 11001 | D:9      | Reached XP level 11. HP: 61/61 MP: 13/24
 11279 | D:9      | Bought a potion of curing for 45 gold pieces
 11279 | D:9      | Bought a potion of haste for 150 gold pieces
 11279 | D:9      | Bought a potion of heal wounds for 75 gold pieces
 11279 | D:9      | Bought a potion of brilliance for 60 gold pieces
 11279 | D:9      | Bought a potion of resistance for 150 gold pieces
 11390 | D:9      | Noticed Prince Ribbit
 11400 | D:9      | Killed Prince Ribbit
 11797 | D:9      | Found Sar Fuut's Jewellery Boutique.
 11863 | D:9      | Found Rirrant's Armour Boutique.
 11874 | D:9      | Found a sacrificial altar of Ru.
 12164 | D:9      | Learned a level 4 spell: Fulminant Prism
 12169 | D:9      | Learned a level 4 spell: Iskenderun's Mystic Blast
 12571 | D:10     | Entered Level 10 of the Dungeon
 12654 | D:10     | Noticed a two-headed ogre
 12682 | D:10     | Killed a two-headed ogre
 12683 | D:10     | Reached skill level 10 in Spellcasting
 14062 | D:11     | Noticed a cyclops
 14068 | D:11     | Killed a cyclops
 14125 | D:11     | Noticed a purple ugly thing
 14140 | D:11     | Killed a purple ugly thing
 14140 | D:11     | Reached ***** piety under Sif Muna
 14286 | D:11     | Noticed an obsidian statue
 14446 | D:11     | Found a staircase to the Lair.
 14452 | D:11     | Noticed an oklob plant
 14452 | D:11     | Noticed an oklob plant
 14477 | D:11     | Killed an oklob plant
 14543 | D:11     | Killed an oklob plant
 14646 | D:11     | You are sucked into a shaft and drop 2 floors!
 14657 | D:13     | Learned a level 4 spell: Flame Wave
 14660 | D:13     | Learned a level 2 spell: Sublimation of Blood
 14665 | D:13     | Learned a level 4 spell: Sticky Flame
 14675 | D:13     | Noticed a tengu warrior
 14690 | D:13     | Noticed a two-headed ogre
 14854 | D:13     | Noticed a catoblepas
 14860 | D:13     | Killed a catoblepas
 14860 | D:13     | Noticed a manticore
 14861 | D:13     | Reached XP level 12. HP: 67/67 MP: 15/28
 14957 | D:13     | Noticed a centaur warrior
 14967 | D:13     | Noticed a two-headed ogre
 14980 | D:13     | Killed a two-headed ogre
 14980 | D:13     | Killed a centaur warrior
 14981 | D:13     | Reached skill level 1 in Fire Magic
 15090 | D:13     | Killed a two-headed ogre
 15091 | D:13     | Reached skill level 5 in Fighting
 15166 | D:12     | Noticed Maurice
 15166 | D:12     | Noticed Urug
 15166 | D:12     | Noticed a two-headed ogre
 15173 | D:12     | Killed a two-headed ogre
 15180 | D:12     | Killed Maurice
 15184 | D:12     | Killed Urug
 15807 | D:11     | Noticed Nergalle
 15821 | D:11     | Killed Nergalle
 16151 | D:11     | Identified the +10 quarterstaff "Omomeceh" {heavy, rCorr}
 16442 | D:11     | Noticed a sun demon
 16692 | D:11     | Learned a level 7 spell: Haunt
 17025 | D:12     | Found a staircase to the Orcish Mines.
 17277 | D:12     | Noticed Sonja
 17289 | D:12     | Killed Sonja
 17290 | D:12     | Reached XP level 13. HP: 31/74 MP: 17/29
 18331 | D:14     | Found a sacrificial altar of Ru.
 18429 | Lair:1   | Entered Level 1 of the Lair of Beasts
 18434 | Lair:1   | Reached skill level 5 in Fire Magic
 18436 | Lair:1   | Reached skill level 1 in Summonings
 18536 | Lair:1   | Reached skill level 1 in Staves
 18694 | Lair:1   | Identified the +9 war axe "Nuraps" {freeze, *Slow rC+
                  | Int+3}
 19962 | Lair:2   | Found a hole to the Spider Nest.
 20387 | Lair:2   | Reached skill level 5 in Summonings
 21353 | Lair:3   | Identified the of Judezedgh
 21513 | Lair:3   | Identified the "Mucwig" (Sif Muna gifted it to you on
                  | level 3 of the Lair of Beasts)
 21513 | Lair:3   | Received a gift from Sif Muna
 21564 | Lair:3   | Learned a level 2 spell: Static Discharge
 21570 | Lair:3   | Learned a level 5 spell: Freezing Cloud
 21612 | Lair:3   | Reached skill level 5 in Staves
 21886 | Lair:3   | Reached XP level 14. HP: 74/80 MP: 2/31
 21891 | Lair:3   | Reached skill level 5 in Air Magic
 22498 | Lair:3   | Found a staircase to the Swamp.
 22754 | Lair:3   | Learned a level 3 spell: Mephitic Cloud
 22757 | Lair:3   | Learned a level 2 spell: Cigotuvi's Dreadful Rot
 23495 | Lair:4   | Identified the flux talisman "Heaculuivu" {rPois Str+6
                  | Int-5}
 23709 | Lair:4   | Found a viscous altar of Jiyva.
 23750 | Lair:4   | Found a staircase to the Slime Pits.
 24808 | Lair:5   | Entered Level 5 of the Lair of Beasts
 25507 | Lair:5   | Noticed a dire elephant
 25507 | Lair:5   | Noticed a dire elephant
 25507 | Lair:5   | Noticed a dire elephant
 25526 | Lair:5   | Noticed a dire elephant
 25544 | Lair:5   | Killed a dire elephant
 25545 | Lair:5   | Reached skill level 10 in Air Magic
 25731 | Lair:5   | Identified the "Haud" (Sif Muna gifted it to you on level
                  | 5 of the Lair of Beasts)
 25731 | Lair:5   | Received a gift from Sif Muna
 25740 | Lair:5   | Learned a level 5 spell: Arcjolt
 26397 | Lair:5   | Reached XP level 15. HP: 39/84 MP: 13/32
 27626 | Lair:5   | Identified the staff of Duty {rElec Will- SInv Earth}
 27659 | Lair:5   | Learned a level 5 spell: Iskenderun's Battlesphere
 27861 | Orc:1    | Entered Level 1 of the Orcish Mines
 28198 | Orc:1    | Found a transporter.
 28347 | Orc:1    | Found a transporter.
 28505 | D:9      | Bought the +5 ring mail of Weyshry {+Blink Will+} for 826
                  | gold pieces
 29117 | Orc:1    | Noticed Sundig's ghost (journeyman DgFi)
 29157 | Orc:1    | Reached skill level 5 in Shields
 29157 | Orc:1    | Gained mutation: Your magical capacity is low. (-10% MP) [a
                  | neqoxec]
 29168 | Orc:1    | Killed Sundig's ghost
 29174 | Orc:1    | Got the ring of Kaumaume {rF+ Dex+6 SInv}
 29313 | Orc:2    | Entered Level 2 of the Orcish Mines
 29806 | Orc:2    | Identified the "Lupp" (Sif Muna gifted it to you on level
                  | 2 of the Orcish Mines)
 29806 | Orc:2    | Received a gift from Sif Muna
 30083 | Orc:2    | Found Rykhane's Distillery.
 30083 | Orc:2    | Noticed an orc warlord
 30093 | Orc:2    | Killed an orc warlord
 30203 | Orc:2    | Found Nadd's Weapon Shop.
 30204 | Orc:2    | Paralysed by an orc sorcerer for 3 turns
 31295 | Orc:2    | Noticed an orc warlord
 31314 | Orc:2    | Killed an orc warlord
 32015 | D:9      | Bought an amulet of faith for 640 gold pieces
 32459 | Orc:2    | Noticed an orc warlord
 32468 | Orc:2    | Killed an orc warlord
 32656 | Orc:2    | Found a staircase to the Elven Halls.
 32938 | Orc:2    | Noticed an orc warlord
 32953 | Orc:2    | Killed an orc warlord
 33241 | Orc:2    | Found Keruven's Antique Armour Boutique.
 33490 | Orc:2    | Identified the "Egygoaredd" (Sif Muna gifted it to you on
                  | level 2 of the Orcish Mines)
 33490 | Orc:2    | Received a gift from Sif Muna
 33495 | Orc:2    | Reached ****** piety under Sif Muna
 33617 | Orc:2    | Found Hasoh's Distillery.
 33882 | D:14     | Identified the amulet "Aruorrah" {Will+ Regen+ rCorr Str-5
                  | SInv}
 33946 | D:14     | Reached XP level 16. HP: 65/92 MP: 4/30
 34090 | D:14     | Reached skill level 15 in Conjurations
 34217 | D:14     | Found a gate to the Vaults.
 35222 | D:15     | Entered Level 15 of the Dungeon
 35456 | D:15     | Found a transporter.
 35460 | D:15     | Noticed Carotun's ghost (journeyman FoFi)
 35460 | D:15     | Noticed Otyfaod's ghost (adept GrFi)
 35469 | D:15     | Found a transporter.
 35482 | D:15     | Received a gift from Sif Muna
 35576 | D:15     | Identified the amulet of the Augurer {Reflect Dex+3 SH+5}
 36175 | D:15     | Found a portal to a secret trove of treasure.
 36179 | D:15     | You paid a toll of 7 potions of haste to enter a treasure
                  | trove
 36180 | Trove    | Identified the of Zeod Bum (Sif Muna gifted it to you in a
                  | treasure trove)
 36180 | Trove    | Identified the of Xaaskaw (You found it in a treasure
                  | trove)
 36180 | Trove    | Identified the "Zuviam" (Sif Muna gifted it to you in a
                  | treasure trove)
 36180 | Trove    | Entered a treasure trove
 36550 | D:15     | Found a staircase to the Depths.
 36557 | D:15     | Identified the "Qalux" (Sif Muna gifted it to you on level
                  | 15 of the Dungeon)
 36557 | D:15     | Received a gift from Sif Muna
 37125 | D:15     | Noticed Jorgrun
 37143 | D:15     | Killed Jorgrun
 37333 | D:15     | Killed Otyfaod's ghost
 37339 | D:15     | Reached XP level 17. HP: 61/95 MP: 14/31
 37356 | D:15     | Killed Carotun's ghost
 37753 | D:7      | Killed Gormless's ghost
 37754 | D:7      | Reached skill level 10 in Staves
 37892 | D:7      | Killed Zonian's ghost
 38000 | D:4      | Learned a level 6 spell: Conjure Ball Lightning
 38000 | D:4      | Lost mutation: Your magical capacity is low. (-10% MP)
                  | [potion of mutation]
 38000 | D:4      | Gained mutation: You are dopey. (Int -2) [potion of
                  | mutation]
 38000 | D:4      | Gained mutation: You are robust. (+10% HP) [potion of
                  | mutation]
 38248 | Orc:2    | Bought 2 potions of mutation for 224 gold pieces
 38248 | Orc:2    | Lost mutation: You are dopey. (Int -2) [potion of mutation]
 38248 | Orc:2    | Lost mutation: You are robust. (+10% HP) [potion of
                  | mutation]
 38248 | Orc:2    | Gained mutation: Your mind is acute. (Int +4, Str/Dex -1)
                  | [potion of mutation]
 38248 | Orc:2    | Gained mutation: Your mind is very acute. (Int +8, Str/Dex
                  | -2) [potion of mutation]
 38248 | Orc:2    | Gained mutation: You have hidden genetic potential. [potion
                  | of mutation]
 38248 | Orc:2    | Gained mutation: You are robust. (+10% HP) [potion of
                  | mutation]
 38427 | Swamp:1  | Entered Level 1 of the Swamp
 40583 | Swamp:1  | Reached skill level 10 in Dodging
 40654 | Swamp:1  | Identified the +0 leather armour "Fohusk" {Harm Str+2}
 40690 | Swamp:1  | Identified the "Leweo" (Sif Muna gifted it to you on level
                  | 1 of the Swamp)
 40690 | Swamp:1  | Identified the "Ukakem" (Sif Muna gifted it to you on
                  | level 1 of the Swamp)
 40690 | Swamp:1  | Received a gift from Sif Muna
 41073 | Spider:1 | Entered Level 1 of the Spider Nest
 41302 | Spider:1 | Reached skill level 15 in Air Magic
 41476 | Spider:1 | You are sucked into a shaft and drop 1 floor!
 41676 | Spider:2 | Found a runed translucent door.
 41723 | Spider:2 | Noticed Nicitzuff's ghost (journeyman TeSu)
 43516 | Spider:1 | Identified the of Eduhufab (Sif Muna gifted it to you on
                  | level 1 of the Spider Nest)
 43516 | Spider:1 | Received a gift from Sif Muna
 44486 | Spider:3 | Reached XP level 18. HP: 63/117 MP: 5/36
 44672 | Spider:3 | Gained mutation: Your flesh is heat resistant. (rF+)
                  | [hidden potential]
 45014 | Spider:3 | Identified the +5 halberd "Uvareo" {elec, *Rage rElec rN+++
                  | Int-5}
 45636 | Spider:4 | Entered Level 4 of the Spider Nest
 46088 | Spider:4 | Noticed Baxzics's ghost (adept DECj)
 46091 | Spider:4 | Found a runed translucent door.
 46557 | Spider:4 | Identified the of Inkeuxt (Sif Muna gifted it to you on
                  | level 4 of the Spider Nest)
 46557 | Spider:4 | Received a gift from Sif Muna
 46558 | Spider:4 | Reached skill level 10 in Fighting
 47603 | Spider:4 | Got a gossamer rune of Zot
 47765 | Spider:4 | Learned a level 8 spell: Maxwell's Capacitive Coupling
 47771 | Spider:4 | Learned a level 5 spell: Irradiate
 47775 | Spider:4 | Killed Baxzics's ghost
 48117 | Swamp:2  | Reached skill level 1 in Armour
 50215 | Swamp:3  | Identified the serpent talisman "Nyekidu" {rPois rN++ Dex-5
                  | SInv}
 50215 | Swamp:3  | Noticed Aizul
 50424 | Swamp:3  | Killed Aizul
 51421 | Swamp:3  | Found a runed translucent door.
 51430 | Swamp:3  | Found the ring of the Octopus King {HP+2 AC+2 EV+2 SH+2
                  | SInv}
 51432 | Swamp:3  | Identified the +2 spear "Zoral" {holy, Str+5}
 51449 | Swamp:3  | Noticed Mufimu's ghost (journeyman DrVM)
 51701 | Swamp:3  | Reached skill level 5 in Armour
 51705 | Swamp:3  | Killed Mufimu's ghost
 51706 | Swamp:3  | Reached XP level 19. HP: 35/124 MP: 11/38
 51998 | Swamp:4  | Entered Level 4 of the Swamp
 52272 | Swamp:3  | Gained mutation: You possess an exceptional clarity of
                  | mind. [hidden potential]
 52272 | Swamp:3  | Lost mutation: You have hidden genetic potential. [hidden
                  | potential expressed]
 52523 | Swamp:4  | Reached skill level 10 in Evocations
 53036 | Swamp:4  | Received a gift from Sif Muna
 54023 | Swamp:4  | Got a decaying rune of Zot
 54470 | Crypt:3  | Identified the "Waro"
 54470 | Depths:1 | Identified the "Wamepuex"
 54470 | Depths:1 | Identified the "Ifupt"
 54470 | Depths:1 | Identified the "Elef"
 54470 | Depths:1 | Identified the "Inwe"
 54470 | Depths:1 | Identified the of Apsagrewn
 54470 | Depths:2 | Identified the "Veel"
 54470 | Elf:1    | Identified the of Goerr
 54470 | Elf:1    | Identified the of Sulagesaxt
 54470 | Elf:1    | Identified the "Veheeto"
 54470 | Elf:1    | Identified the of Bulalohi
 54470 | Elf:1    | Identified the "Saal"
 54470 | Elf:1    | Entered Level 1 of the Elven Halls
 54488 | Elf:1    | Learned a level 7 spell: Orb of Destruction
 54492 | Elf:1    | Learned a level 3 spell: Swiftness
 55635 | Elf:1    | Identified the +3 ring mail of Makhleb's Condemnation {Harm
                  | rPois rF++ Int-4}
 56434 | Elf:2    | Paralysed by an air elemental for 1 turns
 57041 | Elf:2    | Found Ythreoj's Antique Weapon Shoppe.
 57046 | Elf:2    | Found Oleckus's Distillery.
 57697 | Elf:2    | Reached XP level 20. HP: 133/133 MP: 31/39
 57793 | Elf:2    | Found a runed translucent gate.
 57794 | Elf:2    | Found a runed translucent gate.
 57794 | Elf:2    | Found a runed translucent gate.
 57871 | Elf:3    | Identified the "Rycufol"
 57871 | Elf:3    | Identified the "Arofups"
 57871 | Elf:3    | Identified the "Futazxef"
 57871 | Elf:3    | Entered Level 3 of the Elven Halls
 57873 | Elf:3    | Found a magical portal.
 57885 | WizLab   | Entered Eringya's Formal Garden
 58361 | WizLab   | Reached skill level 1 in Transmutations
 59212 | WizLab   | Found a blossoming altar of Fedhas.
 59818 | Elf:3    | Identified the +1 robe "Agrol" {Rampage Fly Str+3}
 60997 | Elf:3    | Reached skill level 5 in Stealth
 61391 | Elf:3    | Identified the +6 great sword of Fayratue {elec, rPois rC-
                  | Str+4}
 61663 | Elf:3    | Identified the +10 dagger of Vaul {freeze, rCorr}
 61669 | Elf:3    | Identified the +3 fire dragon scales of the Harvest {rF++
                  | rC- Will+}
 61670 | Elf:3    | Identified the +2 shortbow of Ambiguity {flame, Str+3}
 61682 | Elf:3    | Identified the staff of Duty {Fly rC+ Dex+4 Ice}
 61771 | Elf:3    | Identified the +0 ring mail of Mutualism {rElec rN+}
 62034 | Vaults:1 | Entered Level 1 of the Vaults
 62309 | Vaults:1 | Identified the "Vumeur" (Sif Muna gifted it to you on
                  | level 1 of the Vaults)
 62309 | Vaults:1 | Identified the "Myokobab" (Sif Muna gifted it to you on
                  | level 1 of the Vaults)
 62309 | Vaults:1 | Received a gift from Sif Muna
 62313 | Vaults:1 | Reached XP level 21. HP: 36/140 MP: 17/40
 62314 | Vaults:1 | Reached skill level 15 in Spellcasting
 62594 | D:14     | Learned a level 7 spell: Spellforged Servitor
 63381 | Vaults:1 | Reached XP level 22. HP: 146/146 MP: 42/42
 64562 | Vaults:1 | Found Pageon's Antique Armour Shoppe.
 64990 | Vaults:2 | Reached skill level 10 in Invocations
 67702 | Vaults:3 | Identified the "Nozups" (Sif Muna gifted it to you on
                  | level 3 of the Vaults)
 67702 | Vaults:3 | Identified the of Olacso (Sif Muna gifted it to you on
                  | level 3 of the Vaults)
 67702 | Vaults:3 | Received a gift from Sif Muna
 68959 | Vaults:3 | Found a staircase to the Crypt.
 69061 | Vaults:3 | Reached XP level 23. HP: 155/155 MP: 22/43
 69277 | Vaults:3 | Reached skill level 10 in Summonings
 71330 | Vaults:4 | Identified the of Hiaf (Sif Muna gifted it to you on level
                  | 4 of the Vaults)
 71330 | Vaults:4 | Received a gift from Sif Muna
 72135 | Vaults:4 | Identified the +2 orcbow of War {flame, Contam rPois Str-3
                  | SInv}
 72319 | Vaults:5 | Entered Level 5 of the Vaults
 72323 | Vaults:5 | Noticed an ancient lich
 72327 | Vaults:5 | Reached skill level 15 in Dodging
 72800 | Vaults:4 | Killed an ancient lich
 73094 | Vaults:5 | Noticed Frederick
 73104 | Vaults:5 | Killed Frederick
 73261 | Vaults:5 | Noticed an ancient lich
 73267 | Vaults:5 | Reached XP level 24. HP: 88/163 MP: 16/43
 73270 | Vaults:5 | Killed an ancient lich
 73530 | Vaults:5 | Noticed Margery
 73640 | Vaults:5 | Noticed an ancient lich
 73790 | Vaults:5 | Killed Margery
 74098 | Vaults:4 | Killed an ancient lich
 74341 | Vaults:5 | Reached skill level 15 in Fighting
 74575 | Vaults:5 | Noticed a dread lich
 74579 | Vaults:5 | Killed a dread lich
 74843 | Vaults:5 | Identified the +9 halberd of Gozag's Respect {holy, rElec
                  | rPois Int-3}
 75380 | Vaults:5 | Reached skill level 10 in Shields
 75583 | Vaults:5 | Identified the +8 plate armour "Maherr" {Will++}
 75584 | Vaults:5 | Identified the +5 hand axe "Zynk" {drain, Fly}
 75622 | Vaults:5 | Identified the +0 robe of Roizxett {+Blink +Inv rF+ Will-}
 75623 | Vaults:5 | Identified the +1 longbow "Yheston" {flame, rC- Str+2
                  | Int+3}
 75624 | Vaults:5 | Identified the +0 ring mail of Protective Custody {Str+2
                  | Int+6 Dex-3}
 75687 | Vaults:5 | Noticed Jory
 75691 | Vaults:5 | Killed Jory
 75769 | Vaults:5 | Identified the +3 rapier "Okinu" {elec, rElec rF++ rN++}
 75903 | Vaults:5 | Identified the staff of the Inquisitive Yaks {rPois rC+
                  | Poison}
 76053 | Vaults:5 | Identified the ring "Boluod" {Will+ rCorr}
 76056 | Vaults:5 | Got a silver rune of Zot
 76059 | Vaults:5 | Identified the +1 plate armour "Forget-Me-Not" {Str+3
                  | Int+4}
 76198 | Vaults:5 | Identified the +5 tower shield "Aritekhu" {rElec}
 76271 | Vaults:5 | mandarbmax: hi
 76271 | Vaults:5 | GnomeSayin: yo
 76282 | Vaults:5 | mandarbmax: I wish I had better armor lol
 76613 | Depths:1 | Entered Level 1 of the Depths
 77107 | Depths:1 | GnomeSayin: god, servitor with ood is so satisfying
 77107 | Depths:1 | mandarbmax: it really is
 77107 | Depths:1 | mandarbmax: I am glad to have it
 77107 | Depths:1 | GnomeSayin: makes a god proud
 77435 | Depths:1 | mandarbmax: servitor + capacitive is a super mana efficient
                  | combo
 77521 | Depths:1 | GnomeSayin: servitor on its own is efficient
 77521 | Depths:1 | mandarbmax: for sure
 77521 | Depths:1 | GnomeSayin: i almost always finish the game with it
 77521 | Depths:1 | mandarbmax: looking at your stats it looks like you almost
                  | always finish the game period
 77615 | Depths:1 | mandarbmax: you are clearly a very good player
 77708 | Depths:1 | Found a one-way gate to the infinite horrors of the Abyss.
 77721 | Depths:1 | Identified the "Muadd" (Sif Muna gifted it to you on level
                  | 1 of the Depths)
 77721 | Depths:1 | Identified the of Adairycs (Sif Muna gifted it to you on
                  | level 1 of the Depths)
 77721 | Depths:1 | Identified the "Eduusir" (Sif Muna gifted it to you on
                  | level 1 of the Depths)
 77721 | Depths:1 | Received a gift from Sif Muna
 77749 | Depths:1 | GnomeSayin: i just know what spells are busted
 77753 | Depths:1 | mandarbmax: getting them is easier said than done
 77753 | Depths:1 | Found a gateway to Hell.
 77838 | Depths:1 | Found a hazy altar of Hepliaklqana.
 78200 | Depths:1 | GnomeSayin: it's not often a problem finding at least a few
                  | of them, and there are gods that help with that
 78200 | Depths:1 | mandarbmax: you are too humble about your skill
 79177 | Depths:2 | mandarbmax: oh, i didn't know servitors could survive in
                  | laza
 79177 | Depths:2 | mandarbmax: lava*
 79539 | Depths:2 | GnomeSayin: that dude is a trooper, doesn't mind chillin in
                  | your own freezing clouds either
 79540 | Depths:2 | mandarbmax: ya
 79540 | Depths:2 | mandarbmax: shockingly tanky
 80086 | Depths:2 | Reached XP level 25. HP: 174/174 MP: 29/43
 81039 | Depths:2 | Noticed Bai Suzhen
 81048 | Depths:2 | Killed Bai Suzhen
 81240 | Depths:2 | Found a transporter.
 81242 | Depths:2 | Found a transporter.
 81245 | Depths:2 | Found a corrupted altar of Lugonu.
 82044 | Depths:2 | Found a one-way gate leading to the halls of Pandemonium.
 82322 | Depths:2 | mandarbmax: divine exegisis + 9th level spells is so fun
 82326 | Depths:2 | Identified the ring of Pawnudiw {rElec rC+ Str+4}
 83065 | Depths:3 | Noticed Mennas
 83416 | Depths:3 | Killed Mennas
 83536 | Depths:3 | GnomeSayin: i find it hilarious he was throwing stones
 83561 | Depths:3 | mandarbmax: ya
 83561 | Depths:3 | mandarbmax: what was with that?
 83561 | Depths:3 | mandarbmax: like dude
 83562 | Depths:3 | mandarbmax: if he had a wand of acid or something I'd have
                  | been in trouble
 83616 | Depths:3 | Identified the "Uroviq" (Sif Muna gifted it to you on
                  | level 3 of the Depths)
 83616 | Depths:3 | Identified the "Yhocsung" (Sif Muna gifted it to you on
                  | level 3 of the Depths)
 83616 | Depths:3 | Identified the "Pasyudgh" (Sif Muna gifted it to you on
                  | level 3 of the Depths)
 83616 | Depths:3 | Identified the of Ivocug (Sif Muna gifted it to you on
                  | level 3 of the Depths)
 83616 | Depths:3 | Received a gift from Sif Muna
 84120 | Depths:3 | Found Rujegh's Book Shoppe.
 84120 | Depths:3 | Found Vegoruod's Jewellery Shop.
 84121 | Depths:3 | Found Nacrovom's Book Shoppe.
 84184 | Depths:3 | HP: 8/180 [living spell/divine providence[a walking divine
                  | tome] (16)]
 84189 | Depths:3 | HP: 3/180 [living spell/divine providence[a walking divine
                  | tome] (8)]
 84189 | Depths:3 | Killed from afar by a living spell

Illustrated notes

Levels and vault maps discovered:
D:1:      dpeg_arrival_pits, layout_basic
D:2:      layout_basic, serial_shops, nicolae_diamond_shop,
          hellmonk_ecumenical_altar_inner_sanctum, serial_undead,
          serial_undead_a, serial_undead_f, serial_undead_f, serial_undead_a,
          serial_undead_a, serial_undead_f, serial_undead_f, serial_undead_e,
          serial_undead_a, serial_undead_c
D:3:      layout_basic, mainiacjoe_overflow_boulevard
D:4:      layout_loops_cross, nicolae_ossuary_entry_giza, nicolae_stop_n_shop_2,
          corexii_checkpoint, minmay_misc_feat_doors, st_stairs_1, minmay_puff,
          uniq_eustachio, uniq_natasha
D:5:      layout_basic
D:6:      layout_basic, minmay_temple_entry_nine_rooms, portal_sewer_entry_a,
          serial_shops, shop
D:7:      layout_basic, nicolae_yredelemnul_ghost_church,
          ebering_ghost_rock_garden
D:8:      layout_loops_ring, chequers_decorated_corner
D:9:      kennysheep_blocky_room, layout_irregular_city,
          mainiacjoe_overflow_concentric_impassable, serial_shops, shop, shop,
          shop, shop, nicolae_shop_statue_plus, uniq_prince_ribbit1
D:10:     layout_irregular_city, minmay_misc_feat_plants
D:11:     layout_basic, dpeg_oklobed_lair, chequers_serial_rivers_micro_b,
          minmay_statue_bubble, uniq_nergalle
D:12:     layout_cave_pools, kennysheep_orc_monster_closet_entryway,
          uniq_maurice, uniq_sonja, uniq_urug
D:13:     layout_cave_pools
D:14:     layout_basic, david_vaults_2, nicolae_ru_sacrificial_ziggurat,
          nicolae_doodle_vault
D:15:     gammafunk_enter_depths_forms, layout_long_grid, nzn_ghost_randoct,
          hangedman_decor_peaks_small, enter_trove_3,
          einodemon_barbed_minivault, uniq_jorgrun
Lair:1:   layout_long_grid, chequers_serial_rivers_micro_e, grunt_megastairs_4,
          infiniplex_staircase_pool
Lair:2:   layout_cave_pods, hellmonk_spider_entry_not_the_bees,
          nicolae_lair_run_with_the_wolves, grunt_megastairs_5,
          serial_bayou_shore_a
Lair:3:   layout_gridlike, minmay_swamp_entry_worms, serial_forest,
          infiniplex_forest_clump_small, infiniplex_forest_clump_tiny,
          infiniplex_forest_straight_2, infiniplex_forest_clump_diagonal,
          infiniplex_forest_end_1, infiniplex_forest_straight_4,
          infiniplex_forest_zigzag_2, infiniplex_forest_clump_medium,
          st_stairs_12
Lair:4:   layout_cave_pods, minmay_slime_entry_oklob_enclosed,
          hibernation_bobbens, grunt_megastairs_2
Lair:5:   due_jungle_book, layout_loops_ring, chequers_serial_rivers_large_a
Swamp:1:  nicolae_swamp_flooded_prison, layout_basic_swamp,
          evilmike_swamp_ruin_rubble_1, statue_in_the_mist_lemuel,
          swamp_pool_1_2
Swamp:2:  layout_basic_swamp, evilmike_swamp_ruin_house_4, swamp_pool_3,
          hangedman_swamp_cone, nicolae_swamp_very_dense_foliage,
          roderic_carrion_pond
Swamp:3:  layout_basic_swamp, ebering_ghost_funeral_grove,
          evilmike_swamp_ruin_house_6, swamp_pool_4, uniq_aizul
Swamp:4:  swamp_alternative, layout_basic_swamp, swamp_pool_1_2,
          cheibrodos_swamp_witchery
Spider:1: layout_cave_pods
Spider:2: layout_spider_delve, gammafunk_ghost_grave
Spider:3: nicolae_spider_mines_1, nicolae_spider_bzzzt
Spider:4: hellmonk_spider_rune_bug_friends, hellmonk_ghost_happy_afterlife
Orc:1:    layout_diamond_mine, gammafunk_ghost_stat_death
Orc:2:    pubby_orc_utopia
Elf:1:    layout_loops_cross, hangedman_elven_crosses_minicolossus
Elf:2:    nicolae_elf_blades_splatter_lattice
          [nicolae_blade_entry_hurt_lockers], layout_geoelf_octagon,
          nicolae_elf_glass_and_crystal_pillar_1, minmay_shop_star
Elf:3:    elf_hall, layout_loops_corners, serial_sigils,
          serial_sigils_hangedman_snap, serial_sigils_hangedman_stare,
          serial_sigils_hangedman_quiver, serial_sigils_hangedman_scar,
          serial_sigils_hangedman_gnaw, mu_enter_wizlab_1, drop_trap,
          abandoned_shop, nicolae_elf_v_pinch
Vaults:1: nicolae_vaults_mitosis, nicolae_vaults_tetromino_Z_1,
          nicolae_vaults_windows_and_doors_thing, v_misc_2,
          nicolae_vaults_asterisk, ontoclasm_vaults_chip, vaults_room_boxed,
          v_misc_31, nicolae_vaults_library_corner, layout_vaults_quadrants,
          serial_shops, shop
Vaults:2: nicolae_vaults_circle_grid_a, nicolae_vaults_more_shelving_1,
          nicolae_vaults_big_angled_halls, vaults_mumra_lcd,
          hangedman_vaults_maws, ontoclasm_vaults_shuriken,
          nicolae_vaults_puzzle_piece, nicolae_vaults_hexular_roomagon,
          v_misc_1, nicolae_vaults_closet_pinwheel_1, vaults_mumra_hexcomb,
          ontoclasm_vaults_twist, ontoclasm_vaults_decontamination,
          nicolae_vaults_diamond_1, layout_vaults_omnicross
Vaults:3: nicolae_vaults_network_quincunx
          [nicolae_vaults_network_quincunx_subvault,
          nicolae_vaults_network_quincunx_subvault,
          nicolae_vaults_network_quincunx_subvault,
          nicolae_vaults_network_quincunx_subvault,
          nicolae_vaults_network_quincunx_subvault],
          minmay_crypt_entry_simple_sparse, vaults_dpeg_emergency_exit,
          minmay_orc_keep, nicolae_vaults_closet_pinwheel_6,
          hangedman_vaults_stretched_pinwheel, nicolae_vaults_little_squares_3,
          nicolae_vaults_little_squares_1, hangedman_vaults_slice,
          nicolae_vaults_theta, vaults_room_glass_cross, v_misc_24,
          vaults_room_octagon, grunt_vaults_diagonal, v_alt_pattern_2,
          nicolae_vaults_wine_cellar, layout_vaults_omnibox
Vaults:4: hangedman_vaults_stretched_pinwheel, vaults_dpeg_diagonal,
          nicolae_vaults_three_branches, vaults_mumra_minichess,
          ontoclasm_vaults_tryst, hangedman_vaults_restitches,
          nicolae_vaults_storage_closets_1, nicolae_vaults_bisected_exclaves,
          v_rooms_5, layout_vaults_big_room
Vaults:5: serial_shops, uniq_margery, uniq_jory, uniq_frederick
Depths:1: layout_big_octagon, kennysheep_small_spiral, hell_entry, abyss_entry,
          serial_hangedman_research, hangedman_research_quantum,
          hangedman_research_probablistics, hangedman_research_pyrotechnics,
          hangedman_research_geology, hangedman_research_convocations,
          roderic_roman_lattice, nicolae_hepliaklqana_hazy_memory
Depths:2: gammafunk_corrupted_shrine, layout_basic, kennysheep_cluttered_room,
          grunt_pan_entry_in_and_out, pf_hell_entry_tar_river,
          infiniplex_staircase_9_rooms, uniq_bai_suzhen
Depths:3: minmay_triangles_in_corner, layout_gridlike, enter_ziggurat_e,
          rand_demon_pan_entry_9, hell_entry, abyss_entry_small_statue_room,
          amcnicky_mini_corridor_feature, hellmonk_guarded_unrand_salamander,
          minmay_shop_grove, infiniplex_staircase_door_maze, uniq_mennas

Skill      XL: |  1  2  3  4  5  6  7  8  9 10 11 12 13 14 15 16 17 18 19 20 21 22 23 24 25 |
---------------+----------------------------------------------------------------------------+-----
Conjurations   | 6 7 8 10 11 12 13 14 16 17 18 19 20 21 | 21.8
Spellcasting   | 3 4 6 7 8 11 12 13 14 15 | 15.0
Invocations    | 4 6 8 9 10 | 10.0
Fighting       | 3 4 6 7 8 9 10 11 12 13 14 16 17 | 17.8
Evocations     | 3 5 6 7 8 9 10 11 12 | 12.0
Dodging        | 4 5 7 8 9 10 11 12 15 16 | 16.0
Shields        | 4 5 7 8 12 14 | 14.2
Fire Magic     | 3 7 |  7.1
Summonings     | 5 6 8 9 10 | 10.0
Staves         | 5 8 9 10 11 12 | 12.0
Air Magic      | 4 10 12 14 16 17 18 19 20 21 | 21.7
Armour         | 5 7 8 |  8.0
Stealth        | 3 5 6 |  6.0
Transmutations | 3 |  3.0

Action                     |  1- 3 |  4- 6 |  7- 9 | 10-12 | 13-15 | 16-18 | 19-21 | 22-24 | 25-27 || total
---------------------------+-------+-------+-------+-------+-------+-------+-------+-------+-------++-------
  Melee: Dagger            |    14 |       |     1 |       |       |       |       |       |       ||    15
         Kick              |     4 |       |     1 |    28 |    78 |    95 |    52 |    74 |    57 ||   389
         Peck              |     1 |       |     2 |    24 |    61 |    44 |    21 |    44 |    30 ||   227
         Staff             |       |       |    15 |    77 |   153 |   196 |   108 |   147 |    84 ||   780
   Cast: Magic Dart        |    69 |   108 |   239 |    90 |   274 |    64 |       |       |       ||   844
         Searing Ray       |       |    20 |    46 |    74 |    32 |     5 |       |       |       ||   177
         Dazzling Flash    |       |       |       |    26 |    15 |     6 |       |       |       ||    47
         Fulminant Prism   |       |       |       |    46 |    17 |       |       |       |       ||    63
         Iskenderun's Myst |       |       |       |     7 |     3 |       |       |       |       ||    10
         Flame Wave        |       |       |       |     9 |    49 |    32 |     3 |       |       ||    93
         Sticky Flame      |       |       |       |     2 |    86 |    21 |       |       |       ||   109
         Haunt             |       |       |       |     1 |       |       |       |       |       ||     1
         Freezing Cloud    |       |       |       |       |    30 |    43 |    17 |    24 |     2 ||   116
         Arcjolt           |       |       |       |       |    79 |   106 |    34 |    87 |    12 ||   318
         Mephitic Cloud    |       |       |       |       |     8 |       |       |       |       ||     8
         Static Discharge  |       |       |       |       |     4 |       |       |       |       ||     4
         Cigotuvi's Dreadf |       |       |       |       |     7 |     7 |       |       |     1 ||    15
         Iskenderun's Batt |       |       |       |       |    33 |    31 |       |       |       ||    64
         Sublimation of Bl |       |       |       |       |     3 |       |       |       |       ||     3
         Maxwell's Capacit |       |       |       |       |       |     2 |     2 |   159 |    66 ||   229
         Conjure Ball Ligh |       |       |       |       |       |   127 |    69 |    24 |     3 ||   223
         Irradiate         |       |       |       |       |       |     5 |    15 |    12 |     2 ||    34
         Orb of Destructio |       |       |       |       |       |       |   116 |    39 |     3 ||   158
         Chain Lightning   |       |       |       |       |       |       |     1 |     1 |     1 ||     3
         Spellforged Servi |       |       |       |       |       |       |       |    46 |    12 ||    58
         Dragon's Call     |       |       |       |       |       |       |       |     1 |       ||     1
         Swiftness         |       |       |       |       |       |       |       |       |     1 ||     1
 Invoke: Channel Magic     |       |       |       |     2 |     2 |     4 |     5 |     1 |     1 ||    15
         Divine Exegesis   |       |       |       |     1 |       |     1 |     1 |     2 |     1 ||     6
         Forget Spell      |       |       |       |       |       |     3 |     3 |       |       ||     6
  Evoke: Wand              |       |       |       |     8 |     1 |     1 |     2 |     3 |     1 ||    16
         Sack of spiders   |       |       |       |       |       |       |     1 |     2 |       ||     3
         Lightning rod     |       |       |       |       |       |       |     6 |       |     4 ||    10
         Phantom mirror    |       |       |       |       |       |       |       |       |     1 ||     1
    Use: Potion            |       |     1 |     2 |     1 |     2 |     5 |     7 |     4 |     1 ||    23
         Scroll            |       |       |    13 |     9 |    10 |     5 |     6 |     3 |     4 ||    50
   Stab: Paralysed         |       |       |       |    13 |       |       |       |       |       ||    13
         Invisible         |       |       |       |     3 |     2 |     1 |       |       |       ||     6
         Confused          |       |       |       |       |     1 |       |       |       |       ||     1
         Sleeping          |       |       |       |       |       |       |     2 |     1 |       ||     3
         Distracted        |       |       |       |       |       |       |       |     2 |       ||     2
 Armour: Robe              |    12 |       |       |       |       |       |       |       |       ||    12
         Leather armour    |       |     6 |    29 |     4 |       |   122 |       |       |       ||   161
         Acid dragon scale |       |       |       |   129 |   137 |       |       |       |       ||   266
         Ring mail         |       |       |       |       |    31 |   185 |   233 |   220 |    99 ||   768
  Dodge: Dodged            |    23 |    32 |   135 |   311 |   378 |   227 |   124 |   177 |    98 ||  1505
         Repelled          |     1 |     1 |     3 |    15 |     6 |     6 |       |       |       ||    32
  Block: Buckler           |       |       |       |   155 |   194 |   154 |   150 |   129 |       ||   782
         Reflection        |       |       |       |       |       |       |    60 |    96 |     6 ||   162
         Kite shield       |       |       |       |       |       |       |       |   173 |   173 ||   346

Table legend: (Time is in decaauts)
 A = Elapsed time spent in this place.
 B = Non-inter-level travel time spent in this place.
 C = Inter-level travel time spent in this place.
 D = Time resting spent in this place.
 E = Time spent auto-exploring this place.
 F = Levels seen in this place.
 G = Mean time per level.
                   A        B        C        D        E       F      G
               +--------+--------+--------+--------+--------+-----+--------+
         Total |  84084 |  78640 |   5444 |  21238 |  46489 |  45 | 1868.5 |
       Dungeon |  23589 |  21095 |   2494 |   3068 |  14603 |  15 | 1572.6 |
          Lair |  10259 |   9622 |    637 |   2877 |   5660 |   5 | 2051.8 |
         Swamp |   7972 |   7619 |    353 |   3683 |   2954 |   4 | 1993.0 |
   Spider Nest |   6705 |   6451 |    254 |   1732 |   3853 |   4 | 1676.2 |
  Orcish Mines |   5718 |   4981 |    737 |    807 |   3531 |   2 | 2859.0 |
   Elven Halls |   5871 |   5640 |    231 |   2172 |   2695 |   3 | 1957.0 |
        Vaults |  14055 |  13463 |    592 |   4207 |   7640 |   5 | 2811.0 |
        Depths |   7219 |   7077 |    142 |   2236 |   3747 |   3 | 2406.3 |
         Trove |     81 |     81 |      0 |      0 |     13 |   1 |   81.0 |
         Sewer |    233 |    233 |      0 |     65 |    123 |   1 |  233.0 |
       Ossuary |    851 |    851 |      0 |     22 |    739 |   1 |  851.0 |
        Wizlab |   1525 |   1525 |      0 |    367 |    931 |   1 | 1525.0 |
               +--------+--------+--------+--------+--------+-----+--------+

Top non-repeatable levels by time:
Vaults:4: 4492 daAuts
   Orc:2: 4008 daAuts
Depths:2: 3949 daAuts
 Swamp:1: 2923 daAuts
Vaults:1: 2916 daAuts
  Lair:4: 2838 daAuts
 Swamp:3: 2687 daAuts
     D:9: 2656 daAuts
Vaults:3: 2560 daAuts
    D:11: 2524 daAuts
  Lair:3: 2415 daAuts
    D:15: 2412 daAuts
Vaults:2: 2254 daAuts
Depths:1: 2146 daAuts
    D:14: 2135 daAuts
